 Dungeon Crawl Stone Soup version 0.26-a0-639-g72c4674329 (webtiles) character file.

Game seed: 12328820947006678747

611 Lanoc the Chiller (level 7, -2/46 HPs)
             Began as a Demonspawn Ice Elementalist on Sept 19, 2020.
             Was an Initiate of Cheibriados.
             Slain by a wyvern skeleton (5 damage)
             ... on level 5 of the Dungeon.
             The game lasted 00:06:37 (3205 turns).

Lanoc the Chiller (Demonspawn Ice Elementalist)     Turns: 3205, Time: 00:06:38

Health: -2/46      AC:  6    Str: 15    XL:     7   Next: 20%
Magic:  7/10       EV: 14    Int: 20    God:    Cheibriados [......]
Gold:   150        SH:  0    Dex: 14    Spells: 6/10 levels left

rFire    . . .     SeeInvis .   (no weapon)
rCold    . . .     Faith    .   (no shield)
rNeg     . . .     Spirit   .   a - +0 robe
rPois    .         Reflect  .   (helmet restricted)
rElec    .         Harm     .   (no cloak)
rCorr    .         Rampage  .   (no gloves)
MR       .....                  (no boots)
Stlth    ++........             (no amulet)
HPRegen  0.15/turn              i - +6 ring of strength
MPRegen  0.12/turn              o - +4 ring of protection

@: very slow
A: horns 1, foul stench 1, powered by death 1, rot immunity
a: Bend Time, Renounce Religion


You were on level 5 of the Dungeon.
You worshipped Cheibriados.
Cheibriados was noncommittal.
You visited 2 branches of the dungeon, and saw 6 of its levels.

You collected 150 gold pieces.

Inventory:

Armour
 a - a +0 robe (worn)
 h - a +2 leather armour of fire resistance
Jewellery
 i - a +6 ring of strength (left hand)
 k - an uncursed ring of protection from cold
 o - a +4 ring of protection (right hand)
Wands
 g - a wand of flame (17)
Scrolls
 b - a scroll of amnesia {unknown}
 c - 2 scrolls of teleportation {unknown}
 d - 3 scrolls of remove curse
 f - a scroll of enchant armour {unknown}
 l - a scroll of identify {unknown}
Potions
 e - a potion of brilliance {unknown}
 j - 2 potions of heal wounds {unknown}
 m - a potion of curing {unknown}
 n - a potion of might {unknown}


   Skills:
 + Level 4.3 Dodging
 - Level 1.7 Stealth
 - Level 2.0 Spellcasting
 * Level 6.9 Ice Magic


You had 6 spell levels left.
You knew the following spells:

 Your Spells              Type           Power        Failure   Level
a - Freeze                Ice            ####         1%          1
b - Frozen Ramparts       Ice            ####..       2%          3

Your spell library contained the following spells:

 Spells                   Type           Power        Failure   Level
 Ozocubu's Armour         Ice            ####....     2%          3
 Beastly Appendage        Tmut           #.....       16%         1
 Wereblood                Tmut           #.......     24%         2
 Hailstorm                Conj/Ice       ###.....     36%         4
 Ice Form                 Ice/Tmut       ###.....     36%         4
 Summon Ice Beast         Ice/Summ       ###.....     36%         4
 Spider Form              Tmut/Pois      #.........   43%         3
 Blade Hands              Tmut           #.........   99%         5


Dungeon Overview and Level Annotations

Branches:
Dungeon (5/15)             Temple (1/1) D:4

Altars:
Ashenzari
Cheibriados
Elyvilon
Hepliaklqana
Makhleb
Nemelex Xobeh
Okawaru
Qazlal
Ru
Sif Muna
Trog
Uskayaw
Vehumet
Xom
Zin
The Shining One


Innate Abilities, Weirdness & Mutations

You have a pair of small horns on your head.
You may emit foul miasma when damaged in melee.
You regenerate a little health from kills.
You are immune to rotting.


Message History

The wall freezes the wyvern skeleton but do no damage.
The wyvern skeleton barely misses you.
The wyvern skeleton completely resists.
The wall freezes the wyvern skeleton but do no damage.
The wyvern skeleton closely misses you.
You hit the wyvern skeleton.
The wyvern skeleton is heavily damaged.
The wyvern skeleton completely resists.
The wall freezes the wyvern skeleton but do no damage.
The wyvern skeleton bites you!
You are too injured to fight recklessly!
You hit the wyvern skeleton.
The wyvern skeleton is severely damaged.
The wyvern skeleton resists.
The wall freezes the wyvern skeleton.
The wyvern skeleton completely misses you.
You hit the wyvern skeleton.
The wyvern skeleton is severely damaged.
The frozen ramparts melt away.
The wyvern skeleton bites you!
* * * LOW HITPOINT WARNING * * *
The wyvern skeleton bites you.
You die...

......#.####....##...########..##
......#.# #....##...# ##.##
......#.# #######...# #..#
......#.##########...##########.#
......#...................#......
#####################........###.
.......### #........# .
.......'.# ##........# ..
.......#@# #.........# .
.......#Z###.#.#.#>#.# #
.......#.##.........## #
.......#...#.#.#.#.#.#
####.######..........# ..
##.#.#.#.#.# ##. #..........####
##.#.#.#.#...†. #.........#####


You could see a wyvern skeleton.

Vanquished Creatures
  A water moccasin (D:5)
  3 scorpions
  2 howler monkeys (D:5)
  A bullfrog skeleton (D:5)
  2 hounds (D:4)
  Jessica (D:3)
  Ijyb (D:3)
  Robin (D:4)
  4 adders
  An ooze (D:3)
  3 worms
  A dart slug (D:1)
  3 leopard geckos
  8 orcs
  A ball python (D:5)
  5 giant cockroaches
  11 goblins
  10 hobgoblins
  3 jackals (D:3)
  4 kobolds (D:3)
  2 quokkas
  6 bats
  4 frilled lizards
  A leopard gecko skeleton (D:5)
  A quokka skeleton (D:4)
  5 rats
85 creatures vanquished.

Notes
Turn   | Place    | Note
-------+----------+-------------------------------------------
     0 | D:1      | Lanoc the Demonspawn Ice Elementalist began the quest for
                  | the Orb.
     0 | D:1      | Reached XP level 1. HP: 13/13 MP: 3/3
     6 | D:1      | Noticed a black mamba
     6 | D:1      | Noticed a polar bear
     6 | D:1      | Noticed a worker ant
     6 | D:1      | Noticed a wolf
   213 | D:1      | Gained mutation: You are immune to rotting. [demonic
                  | ancestry]
   213 | D:1      | Reached XP level 2. HP: 19/19 MP: 3/5
   220 | D:1      | Reached skill level 4 in Ice Magic
   675 | D:3      | Gained mutation: You have a pair of small horns on your
                  | head. [demonic ancestry]
   675 | D:3      | Reached XP level 3. HP: 24/24 MP: 3/6
   680 | D:3      | Learned a level 3 spell: Frozen Ramparts
   839 | D:3      | Noticed Ijyb
   847 | D:3      | Killed Ijyb
   847 | D:3      | Gained mutation: You regenerate a little health from kills.
                  | [demonic ancestry]
   847 | D:3      | Reached XP level 4. HP: 13/30 MP: 2/7
  1368 | D:3      | Noticed Jessica
  1375 | D:3      | Killed Jessica
  1375 | D:3      | Reached skill level 5 in Ice Magic
  1665 | D:3      | Reached XP level 5. HP: 27/35 MP: 4/8
  1869 | D:4      | Noticed Robin
  1878 | D:4      | Killed Robin
  2092 | D:4      | Found a staircase to the Ecumenical Temple.
  2158 | D:4      | Reached skill level 6 in Ice Magic
  2158 | D:4      | Reached XP level 6. HP: 41/41 MP: 5/9
  2507 | Temple   | Entered the Ecumenical Temple
  2736 | Temple   | Became a worshipper of Cheibriados the Contemplative
  2769 | D:5      | Entered Level 5 of the Dungeon
  2916 | D:5      | Noticed a water moccasin
  2928 | D:5      | Killed a water moccasin
  2938 | D:5      | Gained mutation: You may emit foul miasma when damaged in
                  | melee. [demonic ancestry]
  2938 | D:5      | Reached XP level 7. HP: 39/46 MP: 5/10
  3205 | D:5      | Slain by a wyvern skeleton

Illustrated notes

Levels and vault maps discovered:
D:1:      onia_arrival_zoo_common, layout_basic, minmay_split_cup_large
D:2:      layout_loops_ring, old_standard_altar, overflow_temple_1_default,
          kennysheep_flooded_box, minmay_misc_feat_tower
D:3:      layout_loops_ring, uniq_jessica, uniq_ijyb
D:4:      layout_rooms, temple_doors_e, grunt_ministairs_13, minmay_cupped,
          uniq_robin
D:5:      layout_basic, lemuel_zombie_altar_kikubaaqudgha, st_stairs_9
Temple:   eino_temple_rhombus

Skill      XL: |  1  2  3  4  5  6 |
---------------+-------------------+-----
Dodging        | 2 3 4 |  4.3
Ice Magic      | 4 5 6 |  6.9
Stealth        | |  1.7
Spellcasting   | |  2.0

Action                   |  1- 3 |  4- 6 |  7- 9 || total
-------------------------+-------+-------+-------++-------
Melee: Unarmed           |    18 |    88 |    38 ||   144
       Headbutt          |     1 |    10 |     4 ||    15
 Cast: Freeze            |    35 |     4 |       ||    39
       Frozen Ramparts   |     2 |    21 |     3 ||    26
  Use: Scroll            |       |       |     1 ||     1
 Stab: Sleeping          |       |     2 |       ||     2
Armor: Robe              |     7 |    30 |     6 ||    43
Dodge: Dodged            |    41 |    78 |    26 ||   145

Table legend: (Time is in decaauts)
 A = Elapsed time spent in this place.
 B = Non-inter-level travel time spent in this place.
 C = Inter-level travel time spent in this place.
 D = Time resting spent in this place.
 E = Time spent auto-exploring this place.
 F = Levels seen in this place.
 G = Mean time per level.
                   A        B        C        D        E       F      G
               +--------+--------+--------+--------+--------+-----+--------+
         Total |   3271 |   3132 |    139 |     34 |   2352 |   6 |  545.2 |
       Dungeon |   3027 |   2900 |    127 |     34 |   2249 |   5 |  605.4 |
        Temple |    243 |    231 |     12 |      0 |    103 |   1 |  243.0 |
               +--------+--------+--------+--------+--------+-----+--------+

Top non-repeatable levels by time:
     D:3: 1374 daAuts
     D:4: 699 daAuts
     D:5: 497 daAuts
     D:1: 419 daAuts
  Temple: 243 daAuts
     D:2: 37 daAuts
